 Dungeon Crawl Stone Soup version 0.25-a0-513-ge77a69270c (webtiles) character file.

Game seed: 12233787705294909681, levelgen mode: deterministic

51883 vurker the Zephyrmancer (level 14, -2/66 HPs)
             Began as a Felid Air Elementalist on Feb 16, 2020.
             Was a High Priest of Vehumet.
             Succumbed to an emperor scorpion's poison
             ... on level 2 of the Spider Nest on Feb 17, 2020.
             The game lasted 01:15:25 (51179 turns).

vurker the Zephyrmancer (Felid Air Elementalist)   Turns: 51179, Time: 01:15:26

Health: -2/66      AC:  3    Str:  6    XL:     14   Next: 25%
Magic:  3/32       EV: 24    Int: 28    God:    Vehumet [*****.]
Gold:   1863       SH:  0    Dex: 16    Spells: 8/40 levels left
                                        Lives:  0   Deaths: 2

rFire    + . .     SeeInvis +   (weapon unavailable)
rCold    + . .     Gourm    .   (shield unavailable)
rNeg     . . .     Faith    .   (armour unavailable)
rPois    .         Spirit   .   (helmet unavailable)
rElec    .         Reflect  .   (cloak unavailable)
rCorr    .         Harm     .   (gloves unavailable)
MR       ++...                  (boots unavailable)
Stlth    +++++.....             (no amulet)
HPRegen  0.21/turn              d - ring of Qatozuit {Str+2 Int+4}
MPRegen  0.23/turn              L - ring of protection from fire

@: lethally poisoned (-2 -> -48), studying Ice Magic, quick
A: very small, no armour, no weapons or thrown items, stealth, claws 1, fangs 3,
see invisible, carnivore, speed 1, shaggy fur 3, slow metabolism 1, sharp paws
a: Renounce Religion


You were on level 2 of the Spider Nest.
You worshipped Vehumet.
Vehumet was extremely pleased with you.
You were not hungry.

You visited 4 branches of the dungeon, and saw 25 of its levels.
You also visited: Bailey and Ice Cave.

You collected 2569 gold pieces.
You spent 706 gold pieces at shops.

Inventory:

Jewellery
 d - the ring of Qatozuit (left paw) {Str+2 Int+4}
   (You found it on level 1 of the Orcish Mines)

   [ring of strength]

   It affects your strength (+2).
   It affects your intelligence (+4).
 s - an uncursed ring of ice
   (You found it on level 6 of the Dungeon)
 D - an uncursed ring of positive energy
   (You found it on level 6 of the Lair of Beasts)
 K - an uncursed ring of protection from cold
   (You found it on level 15 of the Dungeon)
 L - a ring of protection from fire (right paw)
   (You found it on level 1 of the Spider Nest)
Wands
 n - a wand of polymorph (8)
   (You found it on level 3 of the Dungeon)
 t - a wand of flame (41)
   (You took it off a gnoll on level 9 of the Dungeon)
 u - a wand of paralysis (17)
   (You found it on level 11 of the Dungeon)
 v - a wand of digging (2)
   (You found it on level 2 of the Lair of Beasts)
 x - a wand of acid (13)
   (You took it off a gnoll on level 9 of the Dungeon)
Scrolls
 b - 13 scrolls of teleportation
 g - 10 scrolls of remove curse
 h - 7 scrolls of fear
 i - 3 scrolls of fog
 k - a scroll of noise
 m - 5 scrolls of amnesia
 p - 3 scrolls of silence
 y - 4 scrolls of immolation
 A - 2 scrolls of magic mapping
 B - a scroll of summoning
 C - 3 scrolls of identify
 E - 3 scrolls of blinking
 F - 4 scrolls of vulnerability
Potions
 f - a potion of invisibility
 j - 6 potions of lignification
 l - 6 potions of curing
 o - 4 potions of haste
 q - 7 potions of heal wounds
 r - 3 potions of resistance
 w - 2 potions of ambrosia
 z - 2 potions of mutation
 H - 3 potions of flight
 J - 3 potions of brilliance
Books
 a - a manual of Ice Magic
   (You found it in an ice cave)
 G - a manual of Ice Magic
   (You found it in an ice cave)
Miscellaneous
 c - a box of beasts
 I - a phantom mirror
Comestibles
 e - 44 rations


   Skills:
 + Level 10.6 Fighting
 + Level 8.3 Dodging
 - Level 10.0 Stealth
 * Level 13.5 Spellcasting
 + Level 10.2 Conjurations
 + Level 7.6 Ice Magic
 * Level 13.7 Air Magic
 - Level 3.0 Poison Magic
 + Level 9.3 Evocations


You had 8 spell levels left.
You knew the following spells:

 Your Spells              Type           Power        Failure   Level  Hunger
a - Shock                 Conj/Air       ####         0%          1    None
b - Lightning Bolt        Conj/Air       ######....   1%          5    ##.....
c - Airstrike             Air            #######...   1%          4    None
d - Iron Shot             Conj/Erth      #####.....   14%         6    ####...
e - Conjure Ball Lightni  Conj/Air       ######....   1%          6    ####...
q - Olgreb's Toxic Radia  Pois           #####...     2%          4    None
z - Freezing Cloud        Conj/Ice/Air   ######....   1%          6    ####...

Your spell library contained the following spells:

 Spells                   Type           Power        Failure   Level  Hunger
 Sandblast                Erth           ###...       1%          1    None
 Sting                    Tmut/Pois      ####         1%          1    None
 Ensorcelled Hibernation  Hex/Ice        #####.       1%          2    None
 Poisonous Vapours        Pois/Air       ######       1%          2    None
 Swiftness                Chrm/Air       ######..     1%          2    None
 Conjure Flame            Conj/Fire      #####...     1%          3    None
 Dazzling Flash           Conj/Hex       #####.       1%          3    None
 Ignite Poison            Fire/Tmut/Pois ###.....     1%          3    None
 Mephitic Cloud           Conj/Pois/Air  ######..     1%          3    None
 Ozocubu's Armour         Chrm/Ice       #####...     1%          3    None
 Static Discharge         Conj/Air       ######..     1%          3    None
 Stone Arrow              Conj/Erth      #####.       1%          3    None
 Beastly Appendage        Tmut           ###...       2%          1    None
 Corona                   Hex            ###....      2%          1    None
 Infusion                 Chrm           ###.         2%          1    None
 Fireball                 Conj/Fire      #####.....   2%          5    ##.....
 Passwall                 Tmut/Erth      ###.....     4%          2    None
 Shroud of Golubria       Chrm/Tloc      ###...       4%          2    None
 Song of Slaying          Chrm           ###.....     4%          2    None
 Sticks to Snakes         Tmut           ###.....     4%          2    None
 Spider Form              Tmut/Pois      ####......   4%          3    None
 Ice Form                 Ice/Tmut       #####...     6%          4    None
 Confusing Touch          Hex            ###.....     9%          3    None
 Recall                   Summ/Tloc      N/A          9%          3    None
 Tukima's Dance           Hex            ###.....     9%          3    None
 Starburst                Conj/Fire      #####.....   14%         6    ####...
 Lee's Rapid Deconstruct  Erth           ###.......   21%         5    ##.....
 Animate Dead             Necr           N/A          28%         4    None
 Petrify                  Tmut/Erth      ###.....     28%         4    None
 Blade Hands              Tmut           ###.......   61%         5    ##.....
 Borgnjor's Vile Clutch   Necr/Erth      ###.......   61%         5    ##.....
 Simulacrum               Ice/Necr       #####.....   65%         6    ####...
 Death Channel            Necr           ###.......   99%         6    ####...
 Ring of Flames           Chrm/Fire      ###.......   100%        7    ######.
 Ignition                 Fire           ###.......   100%        8    #######
 Spectral Weapon          Hex/Chrm       Unusable     N/A         3    N/A

Dungeon Overview and Level Annotations

Branches:
Dungeon (15/15)            Temple (0/1) D:7            Lair (6/6) D:11
  Swamp (0/4) Lair:4       Spider (2/4) Lair:3        Slime (0/5) Lair:5
    Orc (2/2) D:10            Elf (0/3) Orc:2        Vaults (0/5) D:14
 Depths (0/5) D:15         Bailey (visited)           IceCv (visited)

Altars:
Cheibriados
Dithmenos
Elyvilon
Fedhas
Gozag
Trog
Vehumet
Xom
Yredelemnul
The Shining One
Beogh
Jiyva

Shops:
D:5 (   D:6 [   D:7 ?   D:8 ?   D:12 *   Orc:1 %   Orc:2 %(*:

Portals:
Pandemonium: Orc:2

Annotations:
D:6 1 runed translucent door, Esekla's ghost, novice DEWz
D:14 1 runed translucent door, Gruesome's ghost, adept FoFi
D:15 1 runed translucent door, Jeoraust's ghost, journeyman MiFi
Orc:1 Error4North's ghost, journeyman HOFi


Innate Abilities, Weirdness & Mutations

You cannot wear armour.
You are incapable of wielding weapons or throwing items.
Your paws allow you to move quietly. (Stealth)
You have sharp claws.
You have razor-sharp teeth.
You have supernaturally acute eyesight. (SInv)
You are carnivorous and can eat meat at any time.
You cover ground quickly.
Your thick and shaggy fur keeps you warm. (AC +3, rC+)
You have a slow metabolism.
Your sharp claws are effective at attacking unaware monsters.


Message History

The air twists around and strikes the redback!!
You kill the redback!
Vehumet accepts your kill.
You feel your power returning.
The emperor scorpion struggles to get unstuck from the web.
The orb spider pulsates with a strange energy.
Aim: an orb spider (lightly wounded, poisoned, fully charged)
The air twists around and strikes the orb spider!
The emperor scorpion pulls away from the web.
Aim: an orb spider (heavily wounded, poisoned, fully charged)
The air twists around and strikes the orb spider!
Aim: an orb spider (almost dead, poisoned, fully charged)
The air twists around and strikes the orb spider!
You kill the orb spider!
Vehumet accepts your kill.
You feel your power returning.
The tarantella is engulfed in freezing vapours.
The emperor scorpion is engulfed in freezing vapours.
The tarantella is engulfed in freezing vapours.
Aim: a tarantella (severely wounded)
The air twists around and strikes the tarantella!
You kill the tarantella!
Vehumet accepts your kill.
You don't have enough magic to cast that spell.
Aim: an emperor scorpion (freezing vapour, lightly wounded)
The bolt of acid hits the emperor scorpion!
The emperor scorpion is splashed with acid.
The acid corrodes the emperor scorpion!
The emperor scorpion is engulfed in freezing vapours.
Aim: an emperor scorpion (moderately wounded, covered in acid, chance to defeat MR: 36%)
The emperor scorpion easily resists.
The emperor scorpion completely misses you.
The emperor scorpion closely misses you.
The emperor scorpion claws you!
Aim: an emperor scorpion (moderately wounded, covered in acid, chance to defeat MR: 36%)
The emperor scorpion easily resists.
The emperor scorpion closely misses you.
The emperor scorpion barely misses you. The emperor scorpion claws you.
Aim: an emperor scorpion (moderately wounded, covered in acid, chance to defeat MR: 36%)
The emperor scorpion easily resists.
The emperor scorpion stings you.
* * * LOW HITPOINT WARNING * * *
You are lethally poisoned!
The emperor scorpion poisons you! The emperor scorpion claws you!
* * * LOW HITPOINT WARNING * * *
The emperor scorpion claws you!
* * * LOW HITPOINT WARNING * * *
Unknown command.
Aim: an emperor scorpion (moderately wounded, covered in acid, chance to defeat MR: 36%)
The emperor scorpion easily resists.
You die...

#...#.######
##.#......#
##.<.......##
###....###
##.........##
##....#
##.######..###
##...#
###..#.#..#.##
##^##
#...........#
###
#^........##
##...#....#
#.@########
#..†s..#
#....†§§§.#
#...>#§§§.#
#..###§§§.#
### ##....
..^! ..#


You could see an emperor scorpion.

Vanquished Creatures
  An entropy weaver (Spider:1)
  Azrael (D:13)
  Snorg (Lair:4)
  A yaktaur captain (D:14)
  A fire dragon (Lair:6)
  Fannar (D:10)
  10 hydras
  A centaur warrior (D:13)
  A death knight (D:14)
  5 two-headed ogres
  6 orc high priests (Orc:2)
  Nergalle (Lair:2)
  A soul eater (Orc:2)
  Sonja (D:11)
  A deep elf knight (Bailey)
  A sixfirhy (Orc:2)
  3 unseen horrors
  A torturous demonspawn (Orc:2)
  4 orc knights
  2 gelid demonspawn (Orc:2)
  A lindwurm (Lair:6)
  A wizard (D:15)
  9 orc sorcerers
  9 wolf spiders
  2 necromancers
  6 orb spiders
  A cyclops (D:15)
  12 deep elf magi
  5 elephants
  6 ugly things
  2 manticores
  An ice statue (IceCv)
  7 black mambas
  A torpor snail (Spider:1)
  3 molten gargoyles (Lair:6)
  7 spiny frogs
  4 centaur skeletons
  A smoke demon (Orc:2)
  9 komodo dragons
  A gargoyle (D:9)
  Maggie (D:7)
  A kobold demonologist (D:12)
  10 freezing wraiths (IceCv)
  An ice devil (Orc:2)
  3 demonic crawlers (Spider:1)
  2 yaktaurs (D:14)
  13 trolls
  A red devil (Orc:2)
  7 jumping spiders (Spider:1)
  2 hornets
  A polar bear (Lair:6)
  Grinder (D:5)
  Prince Ribbit (D:5)
  3 bog bodies (Lair:4)
  13 slime creatures
  14 blink frogs
  9 hippogriffs
  5 dream sheep (Lair:6)
  A shadow (D:14)
  9 tarantellas
  2 wraiths
  9 redbacks
  5 wyverns
  A vampire (D:9)
  A human (D:7)
  7 basilisks
  37 yaks
  2 hogs (D:7)
  2 fire elementals
  3 steam dragons (Lair:6)
  6 vampire mosquitoes (D:15)
  Grum (D:10)
  A hungry ghost (D:10)
  2 death yak simulacra (IceCv)
  Menkaure (D:7)
  2 soldier ants
  A swamp worm (shapeshifter) (Orc:2)
  2 swamp worms (Lair:4)
  2 wargs (Orc:1)
  14 water moccasins
  9 hell hounds
  13 porcupines
  8 ice beasts
  2 black bears
  4 phantoms
  3 necrophages
  5 sky beasts
  29 orc warriors
  8 ogres
  An eye of draining (D:15)
  An alligator simulacrum (IceCv)
  8 wolves
  9 centaurs
  21 crocodiles
  A big kobold (D:12)
  14 bullfrogs
  A gnoll sergeant (D:9)
  2 wyvern zombies
  A wyvern skeleton (D:8)
  A scorpion (D:6)
  3 killer bees (D:9)
  An elephant simulacrum (IceCv)
  7 howler monkeys
  5 wights (D:10)
  5 lava snakes (Lair:6)
  8 electric eels
  A bullfrog zombie (D:13)
  7 centaur zombies
  5 crimson imps
  A quasit (D:12)
  3 hounds
  2 draconian simulacra (IceCv)
  5 jellies
  23 orc priests
  Crazy Yiuf (D:7)
  19 orc wizards
  5 bullfrog skeletons
  10 iguanas
  4 troll simulacra (IceCv)
  8 worker ants
  2 spriggan simulacra (IceCv)
  8 ogre zombies (D:10)
  8 centaur simulacra
  A hound zombie (D:6)
  2 hound skeletons (D:6)
  A worker ant zombie (D:11)
  9 gnolls
  16 adders
  4 naga simulacra (IceCv)
  3 ogre simulacra (IceCv)
  A shadow imp (D:11)
  12 white imps (IceCv)
  2 adder skeletons
  3 worms
  2 dart slugs
  7 leopard geckos
  79 orcs
  6 giant cockroaches
  2 gnoll zombies (D:6)
  5 goblins
  16 hobgoblins
  16 jackals
  13 kobolds
  8 quokkas
  5 ball pythons
  7 bats
  4 frilled lizards
  3 goblin skeletons (D:10)
  2 goblin zombies (D:10)
  A hobgoblin skeleton (D:10)
  2 hobgoblin zombies (D:10)
  2 jackal zombies (D:5)
  2 leopard gecko skeletons
  6 orc skeletons (D:10)
  11 orc zombies (D:10)
  6 rats
872 creatures vanquished.

Vanquished Creatures (others)
  A jelly (D:14)
  11 fungi
  19 plants
31 creatures vanquished.

Grand Total: 903 creatures vanquished

Notes
Turn   | Place    | Note
-------+----------+-------------------------------------------
     0 | D:1      | vurker the Felid Air Elementalist began the quest for the
                  | Orb.
     0 | D:1      | Reached XP level 1. HP: 7/7 MP: 4/4
    73 | D:1      | Reached skill level 1 in Conjurations
   311 | D:1      | Reached XP level 2. HP: 11/11 MP: 3/6
   607 | D:1      | Reached XP level 3. HP: 10/15 MP: 2/7
  1684 | D:2      | Reached skill level 1 in Fighting
  1999 | D:2      | Reached XP level 4. HP: 18/19 MP: 1/9
  2190 | D:2      | Found a faded altar of an unknown god.
  2190 | D:2      | Found a radiant altar of Vehumet.
  2196 | D:2      | Found a snail-covered altar of Cheibriados.
  2209 | D:2      | Became a worshipper of Vehumet
  2212 | D:2      | Found a white marble altar of Elyvilon.
  2214 | D:2      | Found a faded altar of an unknown god.
  2784 | D:3      | Reached XP level 5. HP: 22/22 MP: 6/10
  4813 | D:4      | Learned a level 5 spell: Lightning Bolt
  4818 | D:4      | Learned a level 4 spell: Airstrike
  4935 | D:4      | Noticed a necrophage
  4969 | D:4      | Reached * piety under Vehumet
  4969 | D:4      | Offered knowledge of Sandblast by Vehumet.
  5043 | D:3      | Killed a necrophage
  5043 | D:3      | Gained mutation: You are covered in thick fur. (AC +2)
                  | [Felid growth]
  5043 | D:3      | Reached XP level 6. HP: 9/26 MP: 2/12
  5707 | D:4      | Reached XP level 7. HP: 30/30 MP: 7/14
  6102 | D:5      | Entered Level 5 of the Dungeon
  6320 | D:5      | Reached skill level 5 in Air Magic
  6565 | D:5      | Offered knowledge of Foxfire by Vehumet.
  6626 | D:5      | Found Joumomin's Weapon Boutique.
  6632 | D:5      | Reached ** piety under Vehumet
  6666 | D:5      | Reached skill level 5 in Spellcasting
  6729 | D:5      | Noticed Grinder
  6759 | D:5      | Noticed Prince Ribbit
  6764 | D:5      | Killed Prince Ribbit
  6764 | D:5      | Reached XP level 8. HP: 34/34 MP: 3/17
  7228 | D:5      | Killed Grinder
  7420 | D:6      | Found Tubidy's Antique Armour Shop.
  7809 | D:6      | Found a runed translucent door.
  7814 | D:6      | Noticed Esekla's ghost (novice DEWz)
  8140 | D:6      | Offered knowledge of Mephitic Cloud by Vehumet.
  8488 | D:6      | Reached XP level 9. HP: 39/39 MP: 15/19
  8801 | D:6      | Found a basalt altar of Yredelemnul.
  8850 | D:7      | Found a flagged portal.
  8869 | Bailey   | Entered a bailey
  8877 | Bailey   | Noticed a deep elf mage
  8884 | Bailey   | Killed a deep elf mage
  9099 | Bailey   | Noticed a deep elf mage
  9100 | Bailey   | Noticed a deep elf mage
  9104 | Bailey   | Killed a deep elf mage
  9104 | Bailey   | Reached *** piety under Vehumet
  9104 | Bailey   | Reached skill level 5 in Fighting
  9104 | Bailey   | Reached skill level 5 in Conjurations
  9104 | Bailey   | Noticed a deep elf mage
  9106 | Bailey   | Noticed a deep elf mage
  9115 | Bailey   | Killed a deep elf mage
  9120 | Bailey   | Noticed a deep elf mage
  9128 | Bailey   | Killed a deep elf mage
  9134 | Bailey   | Killed a deep elf mage
  9134 | Bailey   | Reached XP level 10. HP: 29/45 MP: 1/23
  9256 | Bailey   | Killed a deep elf mage
  9293 | Bailey   | Noticed a deep elf mage
  9315 | Bailey   | Killed a deep elf mage
  9433 | Bailey   | Noticed a deep elf knight
  9437 | Bailey   | Killed a deep elf knight
  9575 | Bailey   | Noticed a deep elf mage
  9575 | Bailey   | Noticed a deep elf mage
  9579 | Bailey   | Killed a deep elf mage
  9583 | Bailey   | Killed a deep elf mage
  9947 | D:7      | Found a staircase to the Ecumenical Temple.
 10029 | D:7      | Found a glowing golden altar of the Shining One.
 10064 | D:7      | Offered knowledge of Iskenderun's Mystic Blast by Vehumet.
 10064 | D:7      | Noticed Maggie
 10071 | D:7      | Killed Maggie
 10252 | D:7      | Found a runed translucent door.
 10253 | D:7      | Noticed Crazy Yiuf
 10512 | D:7      | Reached skill level 1 in Evocations
 10818 | D:7      | Noticed Menkaure
 10820 | D:7      | Killed Menkaure
 10896 | D:7      | Found Jynomeze's Magic Scroll Boutique.
 10901 | D:7      | Bought a scroll of blinking for 105 gold pieces
 10901 | D:7      | Bought a scroll of fear for 49 gold pieces
 10901 | D:7      | Bought a scroll of fear for 49 gold pieces
 10901 | D:7      | Bought a scroll of identify for 28 gold pieces
 10901 | D:7      | Bought a scroll of identify for 28 gold pieces
 10903 | D:7      | Bought a scroll of vulnerability for 105 gold pieces
 11217 | D:7      | Killed Crazy Yiuf
 11331 | D:8      | Reached XP level 11. HP: 49/49 MP: 16/25
 11528 | D:8      | Found Yrargh's Magic Scroll Shoppe.
 11557 | D:8      | Bought a scroll of identify for 24 gold pieces
 11567 | D:8      | Reached **** piety under Vehumet
 11825 | D:8      | Found a bloodstained altar of Trog.
 12299 | D:8      | Bought a scroll of summoning for 114 gold pieces
 12315 | D:9      | Offered knowledge of Lee's Rapid Deconstruction by Vehumet.
 13428 | D:9      | Found a shimmering altar of Xom.
 13635 | D:9      | Noticed an unseen horror
 13903 | D:9      | Killed an unseen horror
 13990 | D:9      | Reached skill level 5 in Stealth
 14000 | D:9      | Reached ***** piety under Vehumet
 14220 | D:9      | Found a blossoming altar of Fedhas.
 14513 | D:10     | Entered Level 10 of the Dungeon
 14568 | D:10     | Offered knowledge of Fulminant Prism by Vehumet.
 14764 | D:10     | Noticed Fannar
 14774 | D:10     | Killed Fannar
 14774 | D:10     | Reached skill level 10 in Air Magic
 15230 | D:10     | Reached skill level 5 in Dodging
 15707 | D:10     | Found a staircase to the Orcish Mines.
 16457 | D:10     | Noticed Grum
 16464 | D:10     | Reached skill level 10 in Spellcasting
 16779 | D:10     | Killed Grum
 17432 | D:11     | Noticed a two-headed ogre
 17439 | D:11     | Killed a two-headed ogre
 17444 | D:11     | Gained mutation: Your thick and shaggy fur keeps you warm.
                  | (AC +3, rC+) [Felid growth]
 17444 | D:11     | Reached XP level 12. HP: 54/54 MP: 6/27
 17598 | D:11     | Noticed a two-headed ogre
 17626 | D:11     | Killed a two-headed ogre
 17885 | D:11     | Noticed Sonja
 17888 | D:11     | Killed Sonja
 18282 | D:11     | Noticed a seven-headed hydra
 18287 | D:11     | Killed a seven-headed hydra
 18596 | D:8      | Bought a scroll of fear for 42 gold pieces
 18596 | D:8      | Bought a scroll of teleportation for 36 gold pieces
 18596 | D:8      | Bought a scroll of blinking for 90 gold pieces
 18596 | D:8      | Bought a scroll of teleportation for 36 gold pieces
 19032 | D:11     | Found a staircase to the Lair.
 19160 | D:11     | Found a glowing golden altar of the Shining One.
 19275 | Lair:1   | Entered Level 1 of the Lair of Beasts
 19823 | Lair:1   | Reached skill level 5 in Evocations
 19898 | Lair:1   | Noticed a four-headed hydra
 19903 | Lair:1   | Killed a four-headed hydra
 21045 | Lair:2   | Offered knowledge of Sticky Flame by Vehumet.
 21130 | Lair:2   | Noticed a five-headed hydra
 21135 | Lair:2   | Killed a five-headed hydra
 21216 | Lair:2   | Noticed a five-headed hydra
 21220 | Lair:2   | Killed a five-headed hydra
 21318 | Lair:2   | Noticed Nergalle
 21327 | Lair:2   | Killed Nergalle
 21453 | Lair:2   | Found a frozen archway.
 21507 | IceCv    | Entered an ice cave
 21924 | IceCv    | Reached XP level 13. HP: 59/59 MP: 14/29
 22793 | IceCv    | Found an ancient bone altar of Kikubaaqudgha.
 26092 | Lair:3   | Found a hole to the Spider Nest.
 26134 | Lair:3   | Learned a level 4 spell: Olgreb's Toxic Radiance
 26388 | Lair:4   | Learned a level 6 spell: Freezing Cloud
 26420 | Lair:4   | Noticed Snorg
 26429 | Lair:4   | Killed Snorg
 26533 | Lair:4   | Noticed Nessos
 26547 | Lair:4   | Noticed Nessos
 26547 | Lair:4   | Nessos changed into Nessos the tarantella
 26552 | Lair:4   | Killed Nessos the tarantella
 26739 | Lair:4   | Reached skill level 1 in Ice Magic
 26853 | Lair:4   | Reached skill level 1 in Poison Magic
 27817 | Lair:4   | Found a staircase to the Swamp.
 28351 | Lair:5   | Found a viscous altar of Jiyva.
 28351 | Lair:5   | Found a staircase to the Slime Pits.
 29501 | Lair:6   | Entered Level 6 of the Lair of Beasts
 30128 | Lair:6   | Reached XP level 14. HP: 64/64 MP: 12/30
 31780 | Lair:6   | Reached ****** piety under Vehumet
 32145 | Lair:6   | Found a large runed translucent door.
 32146 | Lair:6   | Found a large runed translucent door.
 32450 | Lair:6   | Reached skill level 10 in Stealth
 32599 | Lair:6   | Offered knowledge of Iron Shot by Vehumet.
 32770 | Lair:6   | Learned a level 6 spell: Iron Shot
 33458 | D:12     | Found Raech's Assorted Antiques.
 35314 | Orc:1    | Entered Level 1 of the Orcish Mines
 35393 | Orc:1    | Found a large runed translucent door.
 35393 | Orc:1    | Found a large runed translucent door.
 35398 | Orc:1    | Noticed Error4North's ghost (journeyman HOFi)
 35993 | Orc:2    | Entered Level 2 of the Orcish Mines
 36131 | Orc:2    | Paralysed by an orc sorcerer for 6 turns
 37927 | Orc:2    | Found Ybyimm's General Store.
 37953 | Orc:2    | Reached skill level 5 in Ice Magic
 38035 | Orc:2    | Found Gixtaosh's Food Shoppe.
 39143 | Orc:2    | Reached XP level 15. HP: 69/69 MP: 15/32
 39577 | Orc:2    | Offered knowledge of Starburst by Vehumet.
 39966 | Orc:2    | Found Lock's Antique Weapon Boutique.
 39966 | Orc:2    | Found Ucepn's Book Shop.
 39966 | Orc:2    | Found a one-way gate leading to the halls of Pandemonium.
 40059 | Orc:2    | Reached skill level 10 in Fighting
 40458 | Orc:1    | Found a roughly hewn altar of Beogh.
 40462 | Orc:1    | Found Eluihun's Food Boutique.
 40644 | Orc:2    | Found a roughly hewn altar of Beogh.
 40703 | Orc:2    | Found a staircase to the Elven Halls.
 41308 | Orc:1    | Got a smoking bronze ring
 41319 | Orc:1    | Identified the ring of Qatozuit {Str+2 Int+4} (You found it
                  | on level 1 of the Orcish Mines)
 41412 | D:13     | Found an opulent altar of Gozag.
 42500 | D:13     | Demolished by an enormous slime creature
 42501 | D:13     | Reached XP level 14. HP: -15/66 MP: 11/31
 43406 | D:14     | Noticed Azrael
 43416 | D:13     | Killed Azrael
 44820 | D:14     | Found a gate to the Vaults.
 45151 | D:14     | Offered knowledge of Ozocubu's Refrigeration by Vehumet.
 45699 | D:14     | Found a runed translucent door.
 45699 | D:14     | Found a shimmering altar of Xom.
 45699 | D:14     | Noticed Gruesome's ghost (adept FoFi)
 46206 | D:15     | Entered Level 15 of the Dungeon
 47547 | D:15     | Found a runed translucent door.
 47549 | D:15     | Noticed Jeoraust's ghost (journeyman MiFi)
 47550 | D:15     | Found a shimmering altar of Xom.
 47560 | D:15     | Found a shadowy altar of Dithmenos.
 48022 | D:15     | Found a staircase to the Depths.
 48091 | D:15     | Reached skill level 10 in Conjurations
 48514 | Spider:1 | Entered Level 1 of the Spider Nest
 48681 | Spider:1 | Noticed an entropy weaver
 48721 | Spider:1 | Killed an entropy weaver
 49211 | Spider:1 | Reached XP level 15. HP: 66/70 MP: 17/33
 50977 | Spider:2 | Offered knowledge of Conjure Ball Lightning by Vehumet.
 51106 | Spider:2 | Learned a level 6 spell: Conjure Ball Lightning
 51150 | Spider:2 | Slain by an entropy weaver
 51151 | Spider:2 | Reached XP level 14. HP: -5/66 MP: 8/32
 51165 | Spider:2 | Noticed an emperor scorpion
 51178 | Spider:2 | HP: 2/66 [emperor scorpion (15)]
 51179 | Spider:2 | Succumbed to an emperor scorpion's poison

Levels and vault maps discovered:
D:1:      wander_arrival_lonely_grave, layout_loops_ring
D:2:      layout_loops_ring, chequers_temple_overflow_minitemple, first_ration,
          minmay_shallow_snake_nest
D:3:      wad_river_or_something, layout_basic, corexii_item_surrounded_by_moat
D:4:      layout_rooms, minmay_ruptured
D:5:      layout_rooms, serial_shops, shop, uniq_prince_ribbit1, uniq_grinder
D:6:      layout_cave_pools, lemuel_zombie_altar_yredelemnul,
          ebering_ghost_sewer_d, serial_shops, nicolae_shop_overgrown_old_shop,
          hangedman_minor_gate_pass
D:7:      layout_gridville, lemuel_crystal_altar, minmay_temple_entry_mist,
          enter_bailey_7, serial_shops, shop, grunt_livestock,
          hangedman_abyss_or_decor_passed, chequers_serial_rivers_micro_e,
          uniq_menkaure, uniq_maggie, uniq_crazy_yiuf_cottage
D:8:      layout_rooms, serial_shops, shop, chequers_serial_rivers_large_b,
          trog_book
D:9:      layout_roguey, nicolae_overflow_crystal_walls, st_stairs_8,
          fedhas_ov_isle_minmay
D:10:     layout_roguey, zombieorc2_lemuel, uniq_fannar, uniq_grum
D:11:     layout_roguey, minmay_lair_entry_grove, tso_altar, uniq_sonja
D:12:     layout_long_grid, serial_shops, shop, chequers_garden
D:13:     layout_gridville, basic_altar
D:14:     layout_rooms, david_vaults_2, ebering_ghost_xom,
          gauntlet_entry_generic, uniq_azrael
D:15:     grunt_enter_depths_magical_seal, layout_loops_cross,
          grunt_dithmenos_smoke_and_mirrors, ebering_ghost_xom
Lair:1:   layout_roguey, disabler_island
Lair:2:   layout_regular_city, portal_ice_cave_entry_pillars_1, uniq_nergalle
Lair:3:   layout_concentric_octagons, dummy_spider_entry, st_stairs_13,
          grunt_megastairs_4
Lair:4:   layout_loops_ring, nicolae_swamp_entry_splash_gauntlet, st_stairs_8,
          uniq_snorg, uniq_nessos
Lair:5:   layout_layer_cave, slime_altar_1, grunt_forest_small_clearings,
          grunt_megastairs_5, serial_bayou_shore_a
Lair:6:   cheibrodos_lair_end_hotspot, layout_gridlike
Spider:1: layout_spider_delve
Spider:2: layout_spider_delve, uniq_asterion
Orc:1:    layout_diamond_mine, ebering_ghost_disaster_area, serial_shops, shop,
          basic_altar
Orc:2:    pf_orc_diabolical, layout_caves, basic_altar

Skill      XL: |  1  2  3  4  5  6  7  8  9 10 11 12 13 14 15 |
---------------+----------------------------------------------+-----
Conjurations   | 1 2 3 4 5 6 7 8 10 | 10.2
Air Magic      | 3 4 5 6 8 9 10 11 12 13 | 13.7
Fighting       | 1 2 3 4 5 6 7 8 9 10 | 10.6
Spellcasting   | 3 4 5 6 8 9 10 11 13 | 13.5
Dodging        | 3 5 8 |  8.3
Stealth        | 3 6 8 9 10 | 10.0
Evocations     | 1 3 5 7 9 |  9.3
Ice Magic      | 2 7 6 |  7.6
Poison Magic   | 2 3 |  3.0

Action                   |  1- 3 |  4- 6 |  7- 9 | 10-12 | 13-15 || total
-------------------------+-------+-------+-------+-------+-------++-------
Melee: Unarmed           |    31 |     5 |    29 |    12 |    24 ||   101
       Bite              |     3 |       |     5 |     1 |     1 ||    10
 Cast: Shock             |    95 |   155 |   128 |    75 |    20 ||   473
       Airstrike         |       |     1 |    54 |   421 |  1047 ||  1523
       Lightning Bolt    |       |       |       |     6 |     4 ||    10
       Freezing Cloud    |       |       |       |       |    59 ||    59
       Olgreb's Toxic Ra |       |       |       |       |    16 ||    16
Evoke: Wand              |       |       |     7 |    37 |    65 ||   109
       Box of beasts     |       |       |       |       |     1 ||     1
  Use: Scroll            |       |     7 |     1 |    11 |    10 ||    29
       Potion            |       |       |       |       |     4 ||     4
 Stab: Confused          |       |       |     1 |     1 |       ||     2
       Paralysed         |       |       |       |       |     9 ||     9
  Eat: Chunk             |    10 |     7 |    13 |    30 |    73 ||   133
Armor: Skin              |     5 |     1 |     5 |     1 |     8 ||    20
Dodge: Dodged            |    38 |    21 |    44 |    79 |   232 ||   414

Table legend:
 A = Non-vault XP
 B = Vault XP
 C = Vault XP percentage of total XP
 D = Non-vault monster count
 E = Vault monster count
 F = Vault count percentage of total count
                 A         B        C        D         E       F
            +---------+---------+-------+---------+---------+-------
      Total |   96641 |   59586 |  38.1 |     582 |     287 |  33.0
            +---------+---------+-------+---------+---------+-------
        D:1 |      47 |       0 |   0.0 |      27 |       0 |   0.0
        D:2 |      39 |      18 |  31.6 |      15 |       5 |  25.0
        D:3 |     262 |      37 |  12.4 |      21 |       9 |  30.0
        D:4 |     397 |      13 |   3.2 |      28 |       1 |   3.4
        D:5 |     756 |     545 |  41.9 |      18 |       2 |  10.0
        D:6 |     800 |     128 |  13.8 |      23 |       6 |  20.7
        D:7 |     579 |    1518 |  72.4 |      21 |      12 |  36.4
        D:8 |     920 |       0 |   0.0 |      16 |       0 |   0.0
        D:9 |    4838 |     330 |   6.4 |      37 |       3 |   7.5
       D:10 |    1392 |    2218 |  61.4 |      17 |      39 |  69.6
       D:11 |    5382 |    2485 |  31.6 |      29 |      14 |  32.6
       D:12 |    7331 |       0 |   0.0 |      38 |       0 |   0.0
       D:13 |    7172 |    1831 |  20.3 |      31 |       4 |  11.4
       D:14 |    8332 |    2366 |  22.1 |      26 |       7 |  21.2
       D:15 |    4721 |    4399 |  48.2 |      20 |      10 |  33.3
     Lair:1 |    4423 |     395 |   8.2 |      16 |       5 |  23.8
     Lair:2 |    6742 |     828 |  10.9 |      23 |       1 |   4.2
     Lair:3 |    3802 |     826 |  17.8 |      14 |       4 |  22.2
     Lair:4 |    1948 |    3015 |  60.7 |       9 |       9 |  50.0
     Lair:5 |    3492 |     901 |  20.5 |      18 |       4 |  18.2
     Lair:6 |    9234 |    8716 |  48.6 |      35 |      30 |  46.2
   Spider:1 |   13702 |       0 |   0.0 |      33 |       0 |   0.0
   Spider:2 |    3909 |       0 |   0.0 |      13 |       0 |   0.0
      Orc:1 |    3931 |       0 |   0.0 |      19 |       0 |   0.0
      Orc:2 |    2490 |   16805 |  87.1 |      35 |      58 |  62.4
     Bailey |       0 |    5759 | 100.0 |       0 |      10 | 100.0
      IceCv |       0 |    6453 | 100.0 |       0 |      54 | 100.0
            +---------+---------+-------+---------+---------+-------
